 Dungeon Crawl Stone Soup version 0.16-a0-2844-g9b01c91 (webtiles) character file.

56919 Ratboiler the Spear-Bearer (level 14, -6/123 HPs)
             Began as a Naga Wanderer on Nov 29, 2014.
             Was a High Priest of Vehumet.
             Mangled by a dire elephant (25 damage)
             ... on level 8 of the Lair of Beasts on Nov 30, 2014.
             The game lasted 02:00:58 (32924 turns).

Ratboiler the Spear-Bearer (Naga Wanderer)         Turns: 32924, Time: 02:00:59

Health: -6/123     AC: 20    Str: 12    XL:     14   Next: 83%
Magic:  3/31       EV:  5    Int: 18    God:    Vehumet [*****.]
Gold:   687        SH:  5    Dex: 13    Spells: 7 memorised, 7 levels left

rFire  + . .     SeeInvis +     a - +3 spear (venom)
rCold  . . .     Clarity  .     w - +4 ring mail {MR+}
rNeg   . . .     SustAb   .     Y - +0 buckler
rPois  +         Gourm    +     (no helmet)
rElec  .         Spirit   .     O - +0 cloak
rCorr  .         Warding  .     H - +0 pair of gloves
rMut   .         Stasis   .     i - +0 naga barding
MR     +++..                    F - amulet of the gourmand
Stlth  +.........               (no ring)
                                D - ring of protection from magic

@: about to teleport, very slow, extremely resistant to hostile enchantments,
very unstealthy
A: spit poison, constrict 1, see invisible, deformed body, fire resistance 1,
poison resistance, slowness 2, AC +4
a: Spit Poison, Renounce Religion


You were on level 8 of the Lair of Beasts.
You worshipped Vehumet.
Vehumet was extremely pleased with you.
You were hungry.

You visited 3 branches of the dungeon, and saw 18 of its levels.
You also visited: Volcano.

You collected 908 gold pieces.
You spent 221 gold pieces at shops.

Inventory:

Hand weapons
 a - a +3 spear of venom (weapon)
 b - a +0 blowgun
 A - a +2 spear of flaming
Missiles
 j - 3 stones (quivered)
 m - 2 throwing nets
 q - 7 needles of slowing
 r - 61 poisoned needles
 t - 9 needles of sleeping
Armour
 i - a +0 naga barding (worn)
 w - a +4 ring mail of magic resistance (worn)
 H - a +0 pair of gloves (worn)
 O - a +0 cloak (worn)
 Y - a +0 buckler (worn)
Jewellery
 D - a ring of protection from magic (left hand)
 F - an amulet of the gourmand (around neck)
Magical devices
 B - a wand of teleportation (2)
 G - a wand of enslavement (5)
 J - a wand of teleportation (3)
 K - a wand of lightning (4)
 Q - a wand of fireball (0)
 T - a wand of slowing (28)
Scrolls
 f - a scroll of magic mapping
 h - 3 scrolls of amnesia
 l - 2 scrolls of fog
 s - a scroll of noise
 v - 2 scrolls of teleportation
 y - a scroll of enchant weapon
 C - 6 scrolls of remove curse
 I - 4 scrolls of vulnerability
 M - 4 scrolls of enchant armour
 N - a scroll of immolation
 V - a scroll of recharging
 W - a scroll of silence {unknown}
Potions
 k - 3 potions of magic
 o - 3 potions of brilliance
 p - a potion of might
 z - 5 potions of restore abilities
 E - a potion of agility
 L - a potion of resistance
 R - a potion of cure mutation
 S - 3 potions of invisibility
 U - 4 potions of curing
 Z - a potion of cancellation
Books
 d - a book of Annihilations {highlevel}

   Spells                             Type                      Level
   a - Poison Arrow                   Conjuration/Poison           6
   b - Chain Lightning                Conjuration/Air              8
   c - Lehudib's Crystal Spear        Conjuration/Earth            8
   d - Glaciate                       Conjuration/Ice              9
   e - Fire Storm                     Conjuration/Fire             9
 u - a book of Beasts

   Spells                             Type                      Level
   a - Summon Butterflies             Summoning                    1
   b - Call Canine Familiar           Summoning                    3
   c - Summon Ice Beast               Ice/Summoning                4
   d - Summon Mana Viper              Hexes/Summoning              5
   e - Monstrous Menagerie            Summoning                    6
   f - Summon Hydra                   Summoning                    7
 x - a book of Conjurations

   Spells                             Type                      Level
   a - Magic Dart                     Conjuration                  1
   b - Searing Ray                    Conjuration                  2
   c - Dazzling Spray                 Conjuration/Hexes            3
   d - Fulminant Prism                Conjuration/Hexes            4
   e - Iskenderun's Mystic Blast      Conjuration                  4
   f - Iskenderun's Battlesphere      Conjuration/Charms           5
 P - a Grand Grimoire {highlevel, unknown}

   This book is beyond your current level of understanding.

   Spells                             Type                      Level
   a - Aura of Abjuration             Summoning                    6
   b - Forceful Dismissal             Summoning                    6
   c - Summon Greater Demon           Summoning                    7
   d - Malign Gateway                 Summoning/Translocation      7
   e - Summon Horrible Things         Summoning                    8
 X - a book of Power

   Spells                             Type                      Level
   a - Fulminant Prism                Conjuration/Hexes            4
   b - Iskenderun's Mystic Blast      Conjuration                  4
   c - Venom Bolt                     Conjuration/Poison           5
   d - Bolt of Magma                  Conjuration/Fire/Earth       5
   e - Iron Shot                      Conjuration/Earth            6
   f - Orb of Destruction             Conjuration                  7
Comestibles
 e - 25 fruits
 g - 10 bread rations
 n - 4 meat rations


   Skills:
 - Level 7.4 Fighting
 - Level 12.3 Polearms
   Level 1.0 Crossbows
 - Level 1.0 Throwing
 - Level 5.9 Armour
 - Level 2.6 Dodging
 - Level 6.3 Shields
 - Level 9.0 Spellcasting
 - Level 11.0 Conjurations
 - Level 6.0 Charms
   Level 3.3 Summonings
 - Level 4.0 Fire Magic
   Level 3.3 Ice Magic
 - Level 9.0 Poison Magic
 + Level 5.1 Evocations


You had 7 spell levels left.
You knew the following spells:

 Your Spells              Type           Power        Failure   Level  Hunger
a - Magic Dart            Conj           ####         1%          1    None
b - Sandblast             Erth           #.....       4%          1    None
c - Conjure Flame         Conj/Fire      #####...     1%          3    None
d - Dazzling Spray        Conj/Hex       ####....     1%          3    None
e - Venom Bolt            Conj/Pois      #####.....   2%          5    #####..
f - Iskenderun's Battles  Conj/Chrm      #####...     3%          5    #####..
g - Bolt of Fire          Conj/Fire      #####.....   36%         6    ######.


Dungeon Overview and Level Annotations

Branches:
Dungeon (9/15)             Temple (1/1) D:4            Lair (8/8) D:9
  Swamp (0/5) Lair:5       Spider (0/5) Lair:5        Slime (0/6) Lair:7
    Orc: D:9-12

Altars:
Ashenzari
Cheibriados
Dithmenos
Elyvilon
Fedhas
Gozag
Kikubaaqudgha
Makhleb
Nemelex Xobeh
Okawaru
Qazlal
Ru
Sif Muna
Trog
Vehumet
Xom
Yredelemnul
Zin
The Shining One

Shops:
D:2 *   D:5 *

Annotations:
D:4 Train's ghost, average HEWn
D:8 nht's ghost, experienced MfTm
D:9 Train's ghost, experienced HEWn


Innate Abilities, Weirdness & Mutations

You cannot wear boots.
You can spit poison.
You can use your snake-like lower body to constrict enemies.
Your serpentine skin is tough (AC +4).
You have supernaturally acute eyesight.
Armour fits poorly on your strangely shaped body.
Your system is resistant to poisons.
You cover ground very slowly.
Your flesh is heat resistant.


Message History

The dire elephant is severely wounded.
The dire elephant tramples you!
You hold your ground!
The dire elephant trunk-slaps you.
You barely miss the dire elephant.
The dire elephant is severely wounded.
You hit the dire elephant.
The dire elephant is severely wounded.
You have got your breath back.
The dire elephant tramples you!!
* * * LOW HITPOINT WARNING * * *
You hold your ground!
The dire elephant trunk-slaps you!
* * * LOW HITPOINT WARNING * * *
Read which item? (? for menu, Esc to quit)
As you read the scroll of teleportation, it crumbles to dust.
You feel strangely unstable. The dire elephant tramples you!
* * * LOW HITPOINT WARNING * * *
You hold your ground!
The dire elephant trunk-slaps you but does no damage.
The dire elephant tramples you!!
You die...

##P#..##.........#.#≈≈≈≈≈≈#
####.####...#....#.#.≈≈≈≈≈#
# ### #..#.....#.##.≈≈≈## #
##........#.####''# #
#....#P.P.#.8##.... ##
##..P.....'...#....# .#
##.....P.P.'.⌠.#....# .#
#.......PP.Y...#?)(/# .#
##.....P.P@#.8###}/## .#
###.........#.## #### ##
##.P....#....#.# #
##............#.# #
#............♣#.#
#P..P....P....#.#
###....<........#..
#............#..##.
##P..P....#.##..♣#.


You could see a dire elephant.

Vanquished Creatures
  4 dire elephants (Lair:8)
  6 hydras
  5 death yaks (Lair:7)
  An anaconda (Lair:8)
  Pikel (D:6)
  The ghost of Ratboiler the Spear-Bearer, an experienced MfWn of Zin (D:6)
  4 griffons
  19 elephants
  4 black mambas
  Joseph (Lair:1)
  A queen ant (D:9)
  The ghost of Medar the Carver, an experienced DDWr of Makhleb (D:5)
  A torpor snail (Lair:7)
  16 spiny frogs
  2 gargoyles (Volcano)
  2 trolls
  2 fire drakes
  6 komodo dragons
  A wandering mushroom (Lair:3)
  2 polar bears
  28 blink frogs
  A boulder beetle (Lair:6)
  4 basilisks
  25 yaks
  A fire elemental (Volcano)
  Eustachio (D:9)
  16 wolves
  5 hippogriffs
  Edmund (D:6)
  12 soldier ants (D:9)
  A black bear (D:8)
  A yellow wasp (Lair:3)
  14 porcupines
  5 sky beasts
  13 water moccasins
  2 ice beasts
  2 phantoms
  4 slaves (D:6)
  An eye of draining (D:8)
  5 orc warriors
  4 ogres
  2 centaurs
  A boring beetle (Lair:6)
  12 crocodiles
  Sigmund (D:7)
  Duvessa (D:5)
  A wyvern zombie (D:7)
  15 giant frogs
  3 scorpions
  7 killer bees
  An electric eel (D:9)
  Dowan (D:4)
  3 crimson imps
  5 goliath beetles
  5 jellies
  A quasit (D:5)
  2 giant frog zombies
  11 hounds
  A centaur zombie (D:6)
  2 giant frog skeletons (D:5)
  A centaur skeleton (D:6)
  19 orc wizards
  10 iguanas
  47 worker ants
  6 orc priests
  5 orange rats (Lair:5)
  12 sheep
  A hound skeleton (D:5)
  A hound zombie (D:8)
  Terence (D:2)
  10 gnolls
  29 adders
  88 river rats
  5 giant mites
  2 shadow imps
  5 worms
  8 giant geckos
  2 oozes
  46 orcs
  6 ball pythons
  3 giant cockroaches
  31 goblins
  15 hobgoblins
  6 jackals
  14 quokkas
  17 bats
  13 giant newts
  A jackal skeleton (D:8)
  24 kobolds
  A quokka skeleton (D:4)
  13 rats
  A plant (Lair:8)
744 creatures vanquished.

Vanquished Creatures (collateral kills)
  A blink frog (Lair:1)
  2 orc priests (D:9)
  3 orcs
6 creatures vanquished.

Vanquished Creatures (others)
  13 fungi
  7 plants
20 creatures vanquished.

Grand Total: 770 creatures vanquished

Notes
Turn   | Place    | Note
--------------------------------------------------------------
     0 | D:1      | Ratboiler, the Naga Wanderer, began the quest for the Orb.
     0 | D:1      | Ratboiler set off with: a +2 hand crossbow, a potion of curing, 12 poisoned needles, a +0 blowgun, a +0 robe, 26 bolts, a bread ration
     0 | D:1      | Reached XP level 1. HP: 21/21 MP: 1/1
    49 | D:1      | Reached XP level 2. HP: 18/28 MP: 2/2
   609 | D:1      | Reached skill level 4 in Fighting
   671 | D:1      | Reached XP level 3. HP: 36/36 MP: 3/3
  1146 | D:1      | Reached XP level 4. HP: 35/45 MP: 4/4
  1222 | D:2      | Reached skill level 5 in Fighting
  1404 | D:2      | Noticed Terence
  1508 | D:2      | Found Zin's Purification Station.
  1510 | D:2      | Found a glowing silver altar of Zin.
  1647 | D:2      | Killed Terence
  1699 | D:2      | Reached XP level 5. HP: 52/52 MP: 5/5
  1864 | D:2      | Found a shimmering altar of Xom.
  2349 | D:3      | Noticed an ogre
  2556 | D:3      | Found a stormy altar of Qazlal.
  2910 | D:3      | Reached skill level 1 in Polearms
  2910 | D:3      | Reached XP level 6. HP: 35/61 MP: 7/7
  3101 | D:4      | Found a staircase to the Ecumenical Temple.
  3105 | Temple   | Entered the Ecumenical Temple
  3343 | D:4      | Noticed Train's ghost (average HEWn)
  3562 | D:5      | Entered Level 5 of the Dungeon
  3598 | D:5      | Noticed Duvessa
  3609 | D:5      | Noticed Dowan
  3615 | D:5      | Killed Duvessa
  3633 | D:4      | Killed Dowan
  3668 | D:4      | HP: 3/61 [poisoned by Dowan]
  3674 | D:4      | HP: 3/61 [poisoned by Dowan]
  4188 | D:5      | Reached XP level 7. HP: 45/67 MP: 8/8
  4408 | D:5      | Reached skill level 5 in Polearms
  4467 | D:5      | Found Peorer's General Store.
  4476 | D:5      | Bought a wand of enslavement (10) for 168 gold pieces
  4573 | D:5      | Reached skill level 6 in Polearms
  4807 | D:6      | Reached skill level 7 in Polearms
  4807 | D:6      | Reached XP level 8. HP: 67/75 MP: 9/9
  4814 | D:6      | Found a burning altar of Makhleb.
  4983 | D:5      | Noticed Medar's ghost (experienced DDWr)
  5394 | D:6      | Reached skill level 8 in Polearms
  6012 | D:8      | Found a shattered altar of Ashenzari.
  6020 | D:8      | Noticed nht's ghost (experienced MfTm)
  6114 | D:7      | Reached skill level 9 in Polearms
  6363 | D:8      | Found a radiant altar of Vehumet.
  6369 | D:8      | Became a worshipper of Vehumet
  6525 | D:6      | Reached XP level 9. HP: 81/81 MP: 10/10
  7072 | D:5      | Reached skill level 10 in Polearms
  7664 | D:5      | Killed Medar's ghost
  7822 | D:6      | Noticed Pikel
  8039 | D:6      | Noticed Ratboiler's ghost (experienced MfWn)
  8167 | D:6      | Killed Ratboiler's ghost
  8167 | D:6      | Reached skill level 11 in Polearms
  8200 | D:6      | Acquired Vehumet's first power
  8200 | D:6      | Offered knowledge of Magic Dart by Vehumet.
  8385 | D:6      | Learned a level 1 spell: Magic Dart
  8576 | D:6      | Noticed Edmund
  8591 | D:6      | Killed Edmund
  8591 | D:6      | Reached skill level 1 in Conjurations
  8839 | D:7      | Noticed Sigmund
  8875 | D:8      | Noticed an unseen horror
  9478 | D:5      | Bought a scroll of remove curse for 42 gold pieces
  9478 | D:5      | Bought 2 needles of slowing for 11 gold pieces
  9667 | D:6      | Killed Pikel
  9667 | D:6      | Reached skill level 12 in Polearms
  9667 | D:6      | Reached XP level 10. HP: 84/88 MP: 11/11
  9710 | D:6      | Noticed a troll
  9724 | D:6      | Killed a troll
 10349 | D:7      | Killed Sigmund
 10968 | D:8      | Reached skill level 5 in Armour
 11201 | D:9      | Noticed Train's ghost (experienced HEWn)
 11509 | D:9      | Offered knowledge of Sandblast by Vehumet.
 11932 | D:9      | Found a white marble altar of Elyvilon.
 12675 | D:8      | Learned a level 1 spell: Sandblast
 13028 | D:9      | Reached skill level 1 in Dodging
 13028 | D:9      | Reached XP level 11. HP: 86/100 MP: 12/12
 13137 | D:9      | Found a staircase to the Lair.
 13225 | D:9      | Offered knowledge of Conjure Flame by Vehumet.
 13230 | D:9      | Learned a level 3 spell: Conjure Flame
 13244 | D:9      | Reached skill level 1 in Fire Magic
 13323 | D:9      | Reached skill level 5 in Conjurations
 13494 | D:9      | Noticed Eustachio
 13508 | D:9      | Acquired Vehumet's second power
 13557 | D:9      | Killed Eustachio
 13907 | D:9      | Offered knowledge of Stone Arrow by Vehumet.
 13963 | D:9      | Learned a level 3 spell: Stone Arrow
 14212 | D:8      | Reached skill level 1 in Spellcasting
 15304 | D:8      | Acquired Vehumet's third power
 15498 | Lair:1   | Entered Level 1 of the Lair of Beasts
 15701 | Lair:1   | Noticed Joseph
 15714 | Lair:1   | Killed Joseph
 15919 | Lair:1   | Offered knowledge of Olgreb's Toxic Radiance by Vehumet.
 16047 | Lair:1   | Learned a level 4 spell: Olgreb's Toxic Radiance
 17434 | Lair:2   | Reached XP level 12. HP: 38/109 MP: 20/20
 17936 | Lair:2   | Reached skill level 1 in Shields
 19167 | Lair:3   | Offered knowledge of Irradiate by Vehumet.
 19173 | Lair:3   | Learned a level 4 spell: Summon Ice Beast
 19455 | Lair:3   | Reached skill level 5 in Shields
 19972 | Lair:3   | Reached skill level 1 in Summonings
 19972 | Lair:3   | Reached skill level 1 in Ice Magic
 20660 | Lair:4   | Found a dark tunnel.
 20672 | Volcano  | Entered a volcano
 21468 | Lair:4   | Learned a level 5 spell: Venom Bolt
 21557 | Lair:4   | Reached skill level 1 in Poison Magic
 21704 | Lair:4   | Gained mutation: Your flesh is heat resistant. [potion of beneficial mutation]
 22665 | Lair:4   | Noticed a seven-headed hydra
 22672 | Lair:4   | Killed a seven-headed hydra
 22672 | Lair:4   | Reached skill level 5 in Poison Magic
 22763 | Lair:4   | Noticed a five-headed hydra
 22771 | Lair:4   | Killed a five-headed hydra
 22771 | Lair:4   | Reached XP level 13. HP: 100/115 MP: 10/21
 23081 | Lair:5   | Found a staircase to the Swamp.
 23715 | Lair:5   | Found a hole to the Spider Nest.
 23866 | Lair:5   | Learned a level 3 spell: Dazzling Spray
 23872 | Lair:5   | Learned a level 5 spell: Iskenderun's Battlesphere
 23953 | Lair:5   | Reached skill level 1 in Charms
 25720 | Lair:5   | Reached skill level 10 in Conjurations
 26221 | Lair:6   | Reached skill level 5 in Charms
 27645 | Lair:7   | Reached XP level 14. HP: 112/123 MP: 23/23
 28471 | Lair:7   | Reached skill level 5 in Spellcasting
 28561 | Lair:7   | Offered knowledge of Bolt of Fire by Vehumet.
 28856 | Lair:7   | Learned a level 6 spell: Bolt of Fire
 29315 | Lair:7   | Found a staircase to the Slime Pits.
 29893 | Lair:8   | Entered Level 8 of the Lair of Beasts
 32555 | Lair:8   | Reached skill level 5 in Evocations
 32924 | Lair:8   | Mangled by a dire elephant

Action                   |  1- 3 |  4- 6 |  7- 9 | 10-12 | 13-15 || total
-------------------------+-------+-------+-------+-------+-------++-------
Melee: Short sword       |     8 |       |       |       |       ||     8
       Dagger            |    30 |       |       |       |       ||    30
       Spear             |       |   215 |   636 |  1847 |   936 ||  3634
 Fire: Hand crossbow     |    46 |     4 |     3 |       |       ||    53
       Blowgun           |       |    20 |    30 |    37 |       ||    87
 Cast: Stone Arrow       |       |       |       |    15 |       ||    15
       Conjure Flame     |       |       |       |    48 |    99 ||   147
       Magic Dart        |       |       |       |       |   161 ||   161
       Venom Bolt        |       |       |       |       |    48 ||    48
       Iskenderun's Batt |       |       |       |       |    44 ||    44
       Dazzling Spray    |       |       |       |       |     5 ||     5
 Abil: Spit Poison       |     9 |     4 |    23 |    24 |     4 ||    64
Evoke: Wand              |       |     1 |     2 |     5 |     2 ||    10
  Use: Scroll            |       |     8 |    12 |    10 |    14 ||    44
       Potion            |       |     2 |     4 |     2 |     3 ||    11
 Stab: Distracted        |       |       |       |     1 |       ||     1
       Invisible         |       |       |       |       |     1 ||     1
  Eat: Beef jerky        |     1 |       |       |     1 |       ||     2
       Chunk             |       |     6 |     4 |    31 |    58 ||    99
       Pizza             |       |     1 |       |     1 |       ||     2
       Meat ration       |       |     1 |     3 |     2 |     1 ||     7
       Royal jelly       |       |       |       |     1 |       ||     1
       Fruit             |       |       |       |     1 |     5 ||     6
